 Dungeon Sprint DCSS version 0.27-a0-1322-gfdffb62a71 (webtiles) character file.

Game seed: 18318352195331081456

511 rocky1 the Blocker (level 7, -5/57 HPs)
             Began as a Formicid Fighter on June 23, 2021.
             Was a Believer of Cheibriados.
             Splashed by an acid dragon's acid (13 damage)
             ... in the Dungeon (Sprint IX: "|||||||||||||||||||||||||||||").
             The game lasted 00:03:27 (265 turns).

rocky1 the Blocker (Formicid Fighter)                Turns: 265, Time: 00:03:29

Health: -5/57      AC:  7    Str: 27    XL:     7   Next: 43%
Magic:  6/10       EV: 12    Int: 14    God:    Cheibriados [**....]
Gold:   0          SH: 12    Dex: 14    Spells: 6/6 levels left

rFire    . . .     SeeInvis +   k - +2 scimitar (holy)
rCold    . . .     Faith    .   c - +0 kite shield
rNeg     . . .     Spirit   .   l - +2 ring mail
rPois    .         Reflect  .   (helmet unavailable)
rElec    .         Harm     .   (no cloak)
rCorr    .         Rampage  .   a - +0 pair of gloves
Will     .....                  (no boots)
Stlth    +.........             (no amulet)
HPRegen  0.19/turn              n - +2 ring of protection
MPRegen  0.12/turn              m - +3 ring of intelligence

@: corroded, very slow
A: permanent stasis, dig shafts and tunnels, antennae 3, four strong arms
a: Dig, Renounce Religion, Bend Time


You were in the Dungeon.
You worshipped Cheibriados.
Cheibriados was pleased with you.
You visited 1 branch

Inventory:

Hand Weapons
 k - a +2 scimitar of holy wrath (weapon)
Armour
 a - a +0 pair of gloves (worn)
 c - a +0 kite shield (worn)
 l - a +2 ring mail (worn)
Jewellery
 m - a +3 ring of intelligence (right hand)
 n - a +2 ring of protection (left hand)
Wands
 j - a wand of iceblast (8)
Scrolls
 i - 2 scrolls of amnesia
Potions
 d - a potion of might
 e - 4 potions of curing
 f - a potion of invisibility
 g - 4 potions of magic
 h - 2 potions of heal wounds


   Skills:
 + Level 5.8 Fighting
 + Level 9.1 Long Blades
 + Level 5.7 Armour
 + Level 3.9 Dodging
 + Level 9.1 Shields
 + Level 4.9 Invocations
 + Level 4.5 Evocations


You had 6 spell levels left.
You didn't know any spells.
Your spell library was empty.

Dungeon Overview and Level Annotations

Branches:
Dungeon (1/1)

Altars:
Cheibriados
Dithmenos
Elyvilon
Fedhas
Gozag
Hepliaklqana
Kikubaaqudgha
Makhleb
Nemelex Xobeh
Okawaru
Qazlal
Ru
Sif Muna
Trog
Uskayaw
Vehumet
Wu Jian
Xom
Yredelemnul
Zin
The Shining One
Beogh
Jiyva
Lugonu


Innate Abilities, Weirdness & Mutations

You cannot be hasted, slowed, berserked, paralysed or teleported.
You can dig through walls and to a lower floor.
You have a pair of large antennae on your head. (SInv)
Your four strong arms can wield two-handed weapons with a shield.


Message History

Your Invocations skill increases to level 4!
Your Evocations skill increases to level 4!
You have reached level 7!
You feel better. The acid dragon spits acid at you.
The splash of acid hits the vampire.
The vampire is splashed with acid.
The acid corrodes the vampire!
Aiming: Iceblast
Press: ? - help, Shift-Dir - straight line, f - vampire
Aim: a vampire (lightly damaged, slightly transparent, covered in acid)
The mass of ice explodes!
The iceblast engulfs the vampire.
The vampire partially resists.
The vampire is moderately damaged.
Unknown command.
Press < or > to pray at altars.
You closely miss the vampire.
The vampire is moderately damaged.
The vampire barely misses you. The vampire misses you.
You hit the vampire.
The vampire convulses.
The vampire is heavily damaged.
The vampire completely misses you. You block the vampire's attack.
You slash the vampire!
The vampire convulses!
You destroy the vampire!
Cheibriados thoroughly appreciates the change of pace.
Cheibriados raises the support of your attributes as your movement slows.
Your Long Blades skill increases to level 9!
Your Shields skill increases to level 9!
You closely miss the acid dragon. You block the acid dragon's attack.
The acid dragon claws you but does no damage.
You barely miss the acid dragon. The acid dragon closely misses you. x2
You hit the acid dragon.
The acid dragon is lightly wounded.
You block the acid dragon's attack. The acid dragon closely misses you.
You slash the acid dragon!
The acid dragon is severely wounded.
The acid dragon spits acid at you. The splash of acid hits you!
* * * LOW HITPOINT WARNING * * *
The acid corrodes you!
You are splashed with acid!
You die...

{
▓_▓
{
▓_▓
{
▓_▓
{
▓_▓
{
▓_▓
{
▓_▓
{
▓_▓
{
▓_▓
{
▓@▓
▓D▓
{
▓W▓
{
▓?▓
{
▓)▓
{
▓.▓
{
▓.▓
{
▓[▓
{
▓.▓


You could see a wraith and an acid dragon (catching breath).

Vanquished Creatures
  A yak (D)
  A vampire (D)
  An ogre (D)
  A centaur (D)
  A killer bee (D)
  2 adders (D)
  An ufetubus (D)
  An adder skeleton (D)
  A ball python (D)
  A bat (D)
  A hobgoblin (D)
  2 kobolds (D)
14 creatures vanquished.

Notes
Turn   | Place    | Note
-------+----------+-------------------------------------------
     0 | D        | rocky1 the Formicid Fighter began the quest for the Orb.
     0 | D        | Reached XP level 1. HP: 18/18 MP: 1/1
    35 | D        | Reached XP level 2. HP: 19/24 MP: 2/2
    92 | D        | Noticed an ogre
   104 | D        | Reached skill level 5 in Long Blades
   104 | D        | Reached skill level 5 in Shields
   104 | D        | Reached XP level 3. HP: 12/29 MP: 3/3
   112 | D        | Killed an ogre
   113 | D        | Reached XP level 4. HP: 32/35 MP: 4/4
   113 | D        | Reached XP level 5. HP: 37/41 MP: 5/5
   161 | D        | Found a snail-covered altar of Cheibriados.
   161 | D        | Found a shadowy altar of Dithmenos.
   161 | D        | Found a white marble altar of Elyvilon.
   161 | D        | Found a blossoming altar of Fedhas.
   161 | D        | Found an opulent altar of Gozag.
   162 | D        | Found a hazy altar of Hepliaklqana.
   163 | D        | Found a viscous altar of Jiyva.
   164 | D        | Found an ancient bone altar of Kikubaaqudgha.
   165 | D        | Became a worshipper of Cheibriados the Contemplative
   166 | D        | Found a corrupted altar of Lugonu.
   167 | D        | Found a burning altar of Makhleb.
   168 | D        | Found a sparkling altar of Nemelex Xobeh.
   169 | D        | Found an iron altar of Okawaru.
   170 | D        | Found a stormy altar of Qazlal.
   171 | D        | Found a sacrificial altar of Ru.
   172 | D        | Found a shimmering blue altar of Sif Muna.
   173 | D        | Found a bloodstained altar of Trog.
   174 | D        | Found a hide-covered altar of Uskayaw.
   175 | D        | Found a radiant altar of Vehumet.
   176 | D        | Found an ornate altar of the Wu Jian Council.
   177 | D        | Found a shimmering altar of Xom.
   178 | D        | Found a basalt altar of Yredelemnul.
   179 | D        | Found a glowing silver altar of Zin.
   180 | D        | Found a glowing golden altar of the Shining One.
   227 | D        | Noticed a yak
   227 | D        | Noticed a centaur
   227 | D        | Noticed a vampire
   227 | D        | Noticed an acid dragon
   227 | D        | Noticed a wraith
   248 | D        | Killed a yak
   249 | D        | Reached XP level 6. HP: 19/49 MP: 5/8
   255 | D        | Reached * piety under Cheibriados
   256 | D        | Reached skill level 5 in Fighting
   257 | D        | Reached skill level 5 in Armour
   257 | D        | Reached XP level 7. HP: 13/56 MP: 5/10
   261 | D        | Killed a vampire
   261 | D        | Reached ** piety under Cheibriados
   265 | D        | Splashed by an acid dragon's acid

Illustrated notes

Levels and vault maps discovered:
D:        linesprint [early_d, line_temple, items_1, d_10, items_2, lair_1,
          lair_end, items_3, orc_1, orc_end, items_4, d_15, swamp_1, shoals_1,
          snake_1, spider_1, d_20, vaults_1, items_5, swamp_end, shoals_end,
          snake_end, spider_end, vaults_end, d_27, items_6, zot_1, zot_end,
          crypt_end, forest_end, elf_end, slime_end, tomb_end, abyss_end,
          pan_hell_end]

Skill      XL: |  1  2  3  4  5  6  7 |
---------------+----------------------+-----
Shields        | 4 5 7 8 9 |  9.1
Long Blades    | 3 5 7 8 9 |  9.1
Fighting       | 4 5 |  5.8
Armour         | 4 5 |  5.7
Dodging        | 2 3 |  3.9
Invocations    | 3 4 |  4.9
Evocations     | 3 4 |  4.5

Action                   |  1- 3 |  4- 6 |  7- 9 || total
-------------------------+-------+-------+-------++-------
Melee: Long sword        |    46 |     3 |       ||    49
       Scimitar          |       |    18 |     7 ||    25
Evoke: Wand              |       |     1 |     1 ||     2
  Use: Potion            |     1 |       |     1 ||     2
Armor: Scale mail        |    28 |     1 |       ||    29
       Ring mail         |       |     2 |     1 ||     3
Dodge: Dodged            |    11 |     6 |     6 ||    23
Block: Kite shield       |    25 |    13 |     3 ||    41
       Rpst.: Long sword |     2 |       |       ||     2
       Scimitar          |       |     4 |       ||     4

Table legend: (Time is in decaauts)
 A = Elapsed time spent in this place.
 B = Non-inter-level travel time spent in this place.
 C = Inter-level travel time spent in this place.
 D = Time resting spent in this place.
 E = Time spent auto-exploring this place.
 F = Levels seen in this place.
 G = Mean time per level.
                   A        B        C        D        E       F      G
               +--------+--------+--------+--------+--------+-----+--------+
         Total |    293 |    293 |      0 |     86 |      0 |   1 |  293.0 |
       Dungeon |    293 |    293 |      0 |     86 |      0 |   1 |  293.0 |
               +--------+--------+--------+--------+--------+-----+--------+

Top non-repeatable levels by time:
       D: 293 daAuts
